 Dungeon Crawl Stone Soup version 0.24.1-8-ga250c9d538 (webtiles) character file.

Game seed: 14178872252942965840, levelgen mode: deterministic

172 Legadrian the Skirmisher (level 5, -1/44 HPs)
             Began as a Human Transmuter on May 8, 2020.
             Slain by Crazy Yiuf
             ... wielding a +3 quarterstaff of chaos
              (5 damage)
             ... on level 3 of the Dungeon.
             The game lasted 00:17:29 (3945 turns).

Legadrian the Skirmisher (Human Transmuter)         Turns: 3945, Time: 00:17:30

Health: -1/44      AC:  3    Str: 11    XL:     5   Next: 82%
Magic:  7/8        EV: 13    Int: 14    God:
Gold:   98         SH:  0    Dex: 13    Spells: 7/8 levels left

rFire    . . .     SeeInvis .     - Unarmed
rCold    . . .     Gourm    .   (no shield)
rNeg     . . .     Faith    .   b - +0 robe
rPois    .         Spirit   .   (no helmet)
rElec    .         Reflect  .   (no cloak)
rCorr    .         Harm     .   o - +0 pair of gloves
MR       .....                  (no boots)
Stlth    ++........             (no amulet)
HPRegen  0.14/turn              s - +1 ring of evasion
MPRegen  0.11/turn              (no ring)

@: lethally poisoned (-1 -> -5), appendage (expiring), lightly drained
A: horns 2
a: End Transformation


You were on level 3 of the Dungeon.
You were very hungry.
You had grown temporary horns.
You visited 1 branch of the dungeon, and saw 3 of its levels.

You collected 98 gold pieces.

Inventory:

Hand Weapons
 m - a +0 shortbow
 r - a +0 hunting sling
Missiles
 a - 26 arrows
 e - 117 stones (quivered)
 g - 3 boomerangs
 j - 12 sling bullets
 p - 24 bolts
Armour
 b - a +0 robe (worn)
 c - a +0 buckler of fire resistance
 l - a +0 scale mail
 o - a +0 pair of gloves (worn)
Jewellery
 s - a +1 ring of evasion (left hand)
Scrolls
 i - a scroll of identify
Potions
 f - 2 potions of might {unknown}
 k - a potion of curing {unknown}
 n - 2 potions of brilliance {unknown}
 q - a potion of invisibility {unknown}
Comestibles
 d - 5 rations


   Skills:
 + Level 5.1(4.7) Fighting
 - Level 2.0(1.6) Dodging
 - Level 1.0(0.7) Stealth
 - Level 3.0(2.6) Unarmed Combat
 - Level 2.0(1.6) Spellcasting
 - Level 2.0(1.6) Transmutations


You had 7 spell levels left.
You knew the following spells:

 Your Spells              Type           Power        Failure   Level  Hunger
a - Beastly Appendage     Tmut           #.....       12%         1    ##.....

Your spell library contained the following spells:

 Spells                   Type           Power        Failure   Level  Hunger
 Sticks to Snakes         Tmut           #.......     19%         2    ###....
 Magic Dart               Conj           #...         24%         1    ##.....
 Blink                    Tloc           N/A          36%         2    ###....
 Call Imp                 Summ           #.......     36%         2    ###....
 Slow                     Hex            #.......     36%         2    ###....
 Spider Form              Tmut/Pois      #.........   45%         3    ####...
 Conjure Flame            Conj/Fire      #.......     58%         3    ####...
 Mephitic Cloud           Conj/Pois/Air  #.......     58%         3    ####...
 Ice Form                 Ice/Tmut       #.......     86%         4    #####..
 Blade Hands              Tmut           #.........   98%         5    ######.


Dungeon Overview and Level Annotations

Branches:
Dungeon (3/15)

Altars:
Dithmenos
Xom
Yredelemnul

Annotations:
D:3 Crazy Yiuf


Innate Abilities, Weirdness & Mutations

You have a pair of horns on your head.


Message History

You closely miss Crazy Yiuf.
Crazy Yiuf is moderately wounded.
You feel sick.
Crazy Yiuf screams, "Sif Muna poople snail!"
Crazy Yiuf hits you with a +3 quarterstaff of chaos!
You feel drained.
* * * LOW HITPOINT WARNING * * *
As you read the scroll of teleportation, it crumbles to dust.
You feel strangely unstable.
Crazy Yiuf hits you with a +3 quarterstaff of chaos!
* * * LOW HITPOINT WARNING * * *
Crazy Yiuf draws strength from your wounds!
* * * LOW HITPOINT WARNING * * *
You feel sick.
As you read the scroll of teleportation, it crumbles to dust.
You feel strangely stable.
* * * LOW HITPOINT WARNING * * *
You feel sick.
Crazy Yiuf hits you with a +3 quarterstaff of chaos.
You die...

# ####.# ### #....#
..#
####'##############
###
#.................#
#
#################.#
# #.# #######
########.# ....).#
### ###.#...##.#
.####'##
#...##@.#.......#
##.....##
#...'g####PP....#
#.....'# #)..###
##P.#.## #.....##
### ###### #.....#
#.....# #.....#
#.....# #.....#


You could see Crazy Yiuf.

Vanquished Creatures
  Jessica (D:3)
  5 adders (D:3)
  A river rat (D:3)
  2 worms
  4 dart slugs (D:1)
  2 leopard geckos
  2 orcs (D:3)
  11 bats
  3 giant cockroaches
  15 goblins
  7 hobgoblins
  2 jackals (D:3)
  3 kobolds
  2 ball pythons (D:3)
  5 frilled lizards
  11 rats
76 creatures vanquished.

Notes
Turn   | Place    | Note
-------+----------+-------------------------------------------
     0 | D:1      | Legadrian the Human Transmuter began the quest for the Orb.
     0 | D:1      | Reached XP level 1. HP: 15/15 MP: 3/3
   257 | D:1      | Reached XP level 2. HP: 21/21 MP: 5/5
   269 | D:1      | Reached skill level 1 in Stealth
   437 | D:1      | Reached skill level 2 in Fighting
   730 | D:1      | Reached XP level 3. HP: 28/28 MP: 6/6
  1439 | D:2      | Reached skill level 3 in Fighting
  2209 | D:2      | Reached XP level 4. HP: 28/35 MP: 7/7
  2384 | D:2      | Found a shimmering altar of Xom.
  2394 | D:2      | Found a shadowy altar of Dithmenos.
  2997 | D:3      | Reached skill level 4 in Fighting
  3081 | D:3      | Found a basalt altar of Yredelemnul.
  3294 | D:3      | Reached XP level 5. HP: 42/42 MP: 5/8
  3305 | D:3      | Found a glowing drain.
  3343 | D:3      | Noticed Jessica
  3389 | D:3      | Killed Jessica
  3720 | D:3      | Reached skill level 5 in Fighting
  3932 | D:3      | Found a runed translucent door.
  3933 | D:3      | Noticed Crazy Yiuf
  3945 | D:3      | Slain by Crazy Yiuf

Levels and vault maps discovered:
D:1:      dpeg_arrival_orchard, layout_basic
D:2:      layout_loops_ring, overflow_temple_1_default,
          nicolae_dithmenos_through_a_glass_darkly, serial_forest,
          infiniplex_forest_straight_3, infiniplex_forest_clump_diagonal,
          infiniplex_forest_end_1, infiniplex_forest_corner_1,
          infiniplex_forest_end_1, infiniplex_forest_corner_2
D:3:      layout_basic, nicolae_overflow_crystal_walls, portal_sewer_entry_a,
          minmay_mini_jars, uniq_jessica, uniq_crazy_yiuf_cottage, uniq_robin

Skill      XL: |  1  2  3  4  5 |
---------------+----------------+-----
Stealth        | 1 |  1.0
Fighting       | 2 3 4 5 |  5.1
Dodging        | |  2.0
Unarmed Combat | |  3.0
Spellcasting   | |  2.0
Transmutations | |  2.0

Action                   |  1- 3 |  4- 6 || total
-------------------------+-------+-------++-------
Melee: Unarmed           |   133 |   153 ||   286
       Headbutt          |     2 |     6 ||     8
       Punch             |     1 |     1 ||     2
       Kick              |       |     6 ||     6
 Cast: Beastly Appendage |     2 |    14 ||    16
  Use: Scroll            |     5 |     2 ||     7
 Stab: Sleeping          |     4 |       ||     4
  Eat: Chunk             |     4 |     5 ||     9
Armor: Robe              |    19 |    32 ||    51
Dodge: Dodged            |    61 |    98 ||   159
